 Dungeon Crawl Stone Soup version 0.26.1-11-gd32895ea62 (webtiles) character file.

Game seed: 11142146287282551940

46 Descartes the Sneak (level 3, -1/15 HPs)
             Began as a Felid Transmuter on Apr 19, 2021.
             Slain by a hobgoblin
             ... wielding a +0 club
              (4 damage)
             ... on level 2 of the Dungeon.
             The game lasted 00:02:24 (1823 turns).

Descartes the Sneak (Felid Transmuter)              Turns: 1823, Time: 00:02:24

Health: -1/15      AC:  1    Str:  7    XL:     3   Next: 44%
Magic:  6/7        EV: 18    Int: 14    God:
Gold:   39         SH:  0    Dex: 16    Spells: 5/6 levels left
                                        Lives:  0   Deaths: 0

rFire    . . .     SeeInvis +     - Unarmed
rCold    . . .     Faith    .   (shield unavailable)
rNeg     . . .     Spirit   .   (armour unavailable)
rPois    .         Reflect  .   (helmet unavailable)
rElec    .         Harm     .   (cloak unavailable)
rCorr    .         Rampage  .   (gloves unavailable)
Will     .....                  (boots unavailable)
Stlth    +++.......             (no amulet)
HPRegen  0.05/turn              b - ring of flight
MPRegen  0.10/turn              (no ring)

@: lethally poisoned (-1 -> -12), appendages (expiring), slowed, slow
A: very small, no armour, no weapons or thrown items, stealth, claws 1, fangs 3,
horns 2, see invisible, speed 1, shaggy fur 1, sharp paws
a: End Transformation, Evoke Flight


You were on level 2 of the Dungeon.
You had grown temporary horns.
You visited 1 branch of the dungeon, and saw 2 of its levels.

You collected 39 gold pieces.

Inventory:

Jewellery
 b - a ring of flight (left paw)
Scrolls
 a - 4 scrolls of identify {unknown}
 e - 2 scrolls of remove curse {unknown}
Potions
 c - 2 potions of flight {unknown}
 d - 2 potions of curing {unknown}


   Skills:
 - Level 1.0 Fighting
 - Level 2.6 Dodging
 + Level 4.7 Stealth
 - Level 3.0 Unarmed Combat
 - Level 2.0 Spellcasting
 - Level 2.1 Transmutations


You had 5 spell levels left.
You knew the following spells:

 Your Spells              Type           Power        Failure   Level
a - Beastly Appendage     Tmut           14%          10%         1

Your spell library contained the following spells:

 Spells                   Type           Power        Failure   Level
 Wereblood                Tmut           7%           14%         2
 Spider Form              Tmut/Pois      2%           41%         3
 Ice Form                 Ice/Tmut       4%           83%         4
 Blade Hands              Tmut           3%           95%         5


Dungeon Overview and Level Annotations

Branches:
Dungeon (2/15)

Altars:


Innate Abilities, Weirdness & Mutations

You cannot wear armour.
You are incapable of wielding weapons or throwing items.
Your paws allow you to move quietly. (Stealth)
You have sharp claws.
You have razor-sharp teeth.
You have supernaturally acute eyesight. (SInv)
You cover ground quickly.
You are covered in fur. (AC +1)
Your sharp claws are effective at attacking unaware monsters.
You have a pair of horns on your head.


Message History

You feel sick.
The hobgoblin shouts!
The goblin throws a curare-tipped dart.
The curare-tipped dart barely misses you.
You are too injured to fight recklessly!
You are too injured to fight recklessly!
You are too injured to fight recklessly!
Unknown command.
You feel sick.
The goblin throws a curare-tipped dart.
The curare-tipped dart barely misses you.
Your transformation is almost over.
You feel sick. The goblin closely misses you.
You claw the goblin!
You kill the goblin!
* * * LOW HITPOINT WARNING * * *
You feel sick. The hobgoblin completely misses you.
The hobgoblin hits you but does no damage.
* * * LOW HITPOINT WARNING * * *
You feel sick. The hobgoblin hits you with a +0 club.
You die...

#### #... #... #####
#####... .
#≈≈≈###.......
...#########≈......≈....
.......g........##≈≈####
.......@.....(###≈≈##
...########..(≈##≈.#
#...≈##.## #...≈≈##
#....≈# .....≈≈. ##
......#≈≈. .
#.#....##≈## #. #.######
.#####.


You could see a hobgoblin.

Vanquished Creatures
  An adder (D:2)
  An ooze (D:1)
  A leopard gecko (D:1)
  A ball python (D:1)
  A giant cockroach (D:1)
  4 goblins
  6 hobgoblins
  2 jackals (D:1)
  4 bats (D:1)
  2 frilled lizards (D:2)
  2 kobolds (D:1)
  4 rats (D:1)
29 creatures vanquished.

Notes
Turn   | Place    | Note
-------+----------+-------------------------------------------
     0 | D:1      | Descartes the Felid Transmuter began the quest for the Orb.
     0 | D:1      | Reached XP level 1. HP: 9/9 MP: 4/4
    70 | D:1      | Reached skill level 1 in Stealth
   295 | D:1      | Reached skill level 2 in Stealth
   425 | D:1      | Reached XP level 2. HP: 12/12 MP: 4/6
   523 | D:1      | Reached skill level 3 in Stealth
  1109 | D:1      | Reached skill level 4 in Stealth
  1163 | D:1      | Reached XP level 3. HP: 15/15 MP: 5/7
  1823 | D:2      | Slain by a hobgoblin

Illustrated notes

Levels and vault maps discovered:
D:1:      dpeg_arrival_triangle_fractal, layout_basic
D:2:      layout_rooms, chequers_serial_rivers_small_b

Skill      XL: |  1  2 |
---------------+-------+-----
Stealth        | 2 4 |  4.7
Fighting       | |  1.0
Dodging        | |  2.6
Unarmed Combat | |  3.0
Spellcasting   | |  2.0
Transmutations | |  2.1

Action                   || total
-------------------------++-------
Melee: Unarmed           ||    86
       Bite              ||     6
       Headbutt          ||     7
       Punch             ||     1
 Cast: Beastly Appendage ||    25
 Stab: Sleeping          ||     3
Armor: Skin              ||     6
Dodge: Dodged            ||    95
